 Dungeon Crawl Stone Soup version 0.22.1-1-ga44c0e5 (webtiles) character file.

5012 dohliylev the Covert (level 10, -1/62 (63) HPs)
             Began as a Vampire Enchanter on Oct 2, 2018.
             Was a Follower of Nemelex Xobeh.
             Slain by an orc warrior
             ... wielding a +0 long sword
              (6 damage)
             ... on level 9 of the Dungeon.
             The game lasted 00:35:13 (8237 turns).

dohliylev the Covert (Vampire Enchanter)            Turns: 8237, Time: 00:35:13

HP:   -1/62 (63)    AC:  5    Str:  7    XL:     10   Next: 29%
MP:   20/26         EV: 17    Int: 21    God:    Nemelex Xobeh [*.....]
Gold: 572           SH:  0    Dex: 15    Spells: 10/19 levels left

rFire    . . .     SeeInvis +   a - +1 dagger
rCold    . . .     Gourm    .   (no shield)
rNeg     + . .     Faith    .   b - +0 robe
rPois    .         Spirit   .   (no helmet)
rElec    .         Reflect  .   (no cloak)
rCorr    .         Harm     .   g - +1 pair of gloves
MR       +....                  e - +0 pair of boots
Stlth    +++++.....             F - amulet of rage
HPRegen  0.20/turn              E - ring of wizardry
MPRegen  0.20/turn              v - ring of magical power

@: berserk cooldown, slowed, very slow
A: fangs 3, see invisible, unbreathing
a: Bat Form, Renounce Religion, Evoke Berserk Rage


You were on level 9 of the Dungeon.
You worshipped Nemelex Xobeh.
Nemelex Xobeh was aware of your devotion.
You were not thirsty.

You visited 2 branches of the dungeon, and saw 10 of its levels.
You also visited: Sewer.

You collected 572 gold pieces.

Inventory:

Hand Weapons
 a - a +1 dagger (weapon)
Armour
 b - a +0 robe (worn)
 e - a +0 pair of boots (worn)
 g - a +1 pair of gloves (worn)
Jewellery
 f - an uncursed amulet of faith
 v - a ring of magical power (right hand)
 E - a ring of wizardry (left hand)
 F - an amulet of rage (around neck)
Wands
 i - a wand of digging (13)
 u - a wand of clouds (6)
Scrolls
 c - 3 scrolls of enchant weapon
 h - 2 scrolls of enchant armour
 k - 6 scrolls of teleportation
 o - a scroll of blinking
 p - 2 scrolls of magic mapping
 r - a scroll of fog {unknown}
 s - 2 scrolls of amnesia {unknown}
 t - 7 scrolls of remove curse
 w - 4 scrolls of identify
Potions
 d - a potion of brilliance {unknown}
 j - 3 potions of curing {unknown}
 l - 7 potions of flight {unknown}
 m - 7 potions of lignification {unknown}
 n - 4 potions of heal wounds {unknown}
 q - 2 potions of agility {unknown}
 x - 5 potions of blood
 z - 2 potions of degeneration {unknown}
 A - a potion of haste {unknown}
 B - 2 potions of mutation {unknown}
Miscellaneous
 y - a plain deck of summoning {drawn: 1}
 C - a legendary deck of destruction
 D - a plain deck of summoning


   Skills:
 - Level 0.1 Fighting
 - Level 8.0 Short Blades
 - Level 8.0 Dodging
 - Level 12.2 Stealth
 - Level 5.0 Spellcasting
 - Level 6.2 Hexes
 - Level 0.2 Ice Magic
 + Level 5.4 Invocations


You had 10 spell levels left.
You knew the following spells:

 Your Spells              Type           Power        Failure   Level  Hunger
a - Corona                Hex            ####...      1%          1    None
b - Ensorcelled Hibernat  Hex/Ice        ###...       1%          2    None
c - Confuse               Hex            ####....     1%          3    ##.....
d - Tukima's Dance        Hex            ####....     1%          3    ##.....

Your spell library contained the following spells:

 Spells                   Type           Power        Failure   Level  Hunger
 Dazzling Spray           Conj/Hex       ###...       3%          3    ##.....
 Summon Guardian Golem    Hex/Summ       ###.....     3%          3    ##.....
 Summon Small Mammal      Summ           #...         4%          1    None
 Call Imp                 Summ           #.......     6%          2    None
 Call Canine Familiar     Summ           #.......     13%         3    ##.....
 Summon Ice Beast         Ice/Summ       #.......     38%         4    ####...
 Summon Lightning Spire   Summ/Air       #.......     38%         4    ####...


Dungeon Overview and Level Annotations

Branches:
Dungeon (9/15)             Temple (1/1) D:7
   Lair: D:8-11         Orc: D:9-12

Altars:
Ashenzari
Cheibriados
Dithmenos
Elyvilon
Fedhas
Gozag
Hepliaklqana
Kikubaaqudgha
Makhleb
Nemelex Xobeh
Okawaru
Qazlal
Ru
Sif Muna
Trog
Uskayaw
Vehumet
Wu Jian
Xom
Yredelemnul
Zin
The Shining One

Shops:
D:8 !


Innate Abilities, Weirdness & Mutations

You have razor-sharp teeth.
You have supernaturally acute eyesight. (SInv)
You can survive without breathing.


Message History

An orc comes into view. It is wielding a dagger.
The orc shouts!
The orc warrior hits you with a long sword!
* * * LOW HITPOINT WARNING * * *
You hit the orc warrior. You bite the orc warrior.
The orc warrior is heavily wounded.
You are no longer berserk.
You are exhausted.
You feel yourself slow down.
The orc warrior hits you with a long sword!
* * * LOW HITPOINT WARNING * * *
Casting: Ensorcelled Hibernation (safe; 1% risk of failure)
Confirm with . or Enter, or press ? or * to list all spells.
Aiming: Ensorcelled Hibernation (safe; 1% risk of failure)
Press: ? - help, Shift-Dir - straight line, f/p - orc warrior
Aim: an orc warrior, wielding a long sword and wearing a chain mail (heavily The orc warrior resists with some effort.
The orc warrior hits you with a long sword.
You die...
Your body glows slightly and disappears.

#+### #....
#....## #....)###
#)o)# #.#o#
....8...#@#
###o.o###.##.#
#o####[.o.#.# .
#....#.##
#...(...####
#..........#
###........#
#######
#........###......
#..............###


You could see an orc warrior, an orc priest and an orc.

Vanquished Creatures
  A two-headed ogre (D:8)
  Pikel (D:4)
  A hippogriff (D:7)
  A spriggan (D:7)
  Sigmund (D:6)
  2 hungry ghosts
  Purgy (Sewer)
  3 orc warriors
  A sky beast (D:4)
  2 black bears
  An ice beast (D:6)
  A slave (D:4)
  3 ogres
  A phantom (D:7)
  A centaur (D:7)
  4 necrophages
  A bullfrog (D:9)
  A scorpion (D:8)
  4 killer bees (D:9)
  A crimson imp (D:5)
  2 bullfrog zombies
  A bullfrog skeleton (D:9)
  A jelly (D:9)
  An orc priest (D:8)
  3 orc wizards
  4 iguanas
  Terence (D:2)
  4 worker ants
  A hound skeleton (D:6)
  8 gnolls
  7 adders
  3 shadow imps
  3 oozes
  2 adder zombies
  2 worms
  3 dart slugs
  4 leopard geckos
  13 orcs
  7 giant cockroaches
  4 goblins
  5 hobgoblins
  8 jackals
  3 quokkas
  A ball python (D:3)
  10 bats
  3 frilled lizards
  A giant cockroach zombie (D:6)
  10 kobolds
  A leopard gecko skeleton (D:4)
  4 rats
152 creatures vanquished.

Vanquished Creatures (collateral kills)
  Harold (D:7)
1 creature vanquished.

Grand Total: 153 creatures vanquished

Notes
Turn   | Place    | Note
-------+----------+-------------------------------------------
     0 | D:1      | dohliylev the Vampire Enchanter began the quest for the
                  | Orb.
     0 | D:1      | Reached XP level 1. HP: 13/13 MP: 3/3
   489 | D:1      | Found a snail-covered altar of Cheibriados.
   526 | D:1      | Reached skill level 5 in Stealth
   656 | D:1      | Reached XP level 2. HP: 19/19 MP: 3/5
   660 | D:1      | Learned a level 2 spell: Ensorcelled Hibernation
   842 | D:1      | Reached skill level 6 in Stealth
  1282 | D:2      | Reached XP level 3. HP: 24/24 MP: 1/6
  1287 | D:2      | Learned a level 3 spell: Confuse
  1431 | D:2      | Reached skill level 7 in Stealth
  1472 | D:2      | Noticed Terence
  1517 | D:2      | Killed Terence
  1517 | D:2      | Reached XP level 4. HP: 18/30 MP: 1/7
  1694 | D:2      | Reached skill level 8 in Stealth
  2606 | D:4      | Reached XP level 5. HP: 35/35 MP: 8/8
  2642 | D:4      | Noticed a hungry ghost
  2644 | D:4      | Noticed a slave
  2654 | D:4      | Noticed Pikel
  2655 | D:4      | Killed a hungry ghost
  2655 | D:4      | Reached XP level 6. HP: 41/41 MP: 6/9
  2660 | D:4      | Noticed a slave
  2660 | D:4      | Noticed a slave
  2660 | D:4      | Noticed a slave
  2674 | D:4      | Noticed a sky beast
  2759 | D:4      | Found a glowing drain.
  2785 | Sewer    | Entered a sewer
  2972 | Sewer    | Noticed Purgy
  2978 | Sewer    | Killed Purgy
  3227 | D:4      | Killed a slave
  3305 | D:4      | Killed Pikel
  3305 | D:4      | Reached skill level 5 in Dodging
  3305 | D:4      | Reached XP level 7. HP: 20/46 MP: 1/10
  3569 | D:4      | Reached XP level 8. HP: 52/52 MP: 8/11
  3585 | D:4      | Learned a level 3 spell: Tukima's Dance
  3624 | D:5      | Entered Level 5 of the Dungeon
  4747 | D:6      | Noticed Sigmund
  4754 | D:6      | Killed Sigmund
  4993 | D:7      | Found an ancient bone altar of Kikubaaqudgha.
  5079 | D:7      | Found a sparkling altar of Nemelex Xobeh.
  5097 | D:7      | Became a worshipper of Nemelex Xobeh the Trickster
  5103 | D:7      | Noticed Harold
  5126 | D:7      | Received a gift from Nemelex Xobeh
  5175 | D:7      | Reached skill level 5 in Spellcasting
  5210 | D:7      | Reached XP level 9. HP: 57/57 MP: 2/16
  5305 | D:7      | Killed Harold
  5305 | D:7      | Reached skill level 10 in Stealth
  5693 | D:7      | Reached skill level 11 in Stealth
  5708 | D:7      | Reached * piety under Nemelex Xobeh
  5870 | D:7      | Reached skill level 12 in Stealth
  5970 | D:7      | Reached skill level 1 in Invocations
  6106 | D:7      | Found a staircase to the Ecumenical Temple.
  6347 | Temple   | Entered the Ecumenical Temple
  7062 | D:8      | Noticed a two-headed ogre
  7065 | D:8      | Killed a two-headed ogre
  7065 | D:8      | Reached skill level 5 in Invocations
  7065 | D:8      | Reached XP level 10. HP: 63/63 MP: 16/17
  7124 | D:8      | Found Unuimpofu's Distillery.
  7395 | D:8      | Reached ** piety under Nemelex Xobeh
  7586 | D:8      | Received a gift from Nemelex Xobeh
  8166 | D:9      | Received a gift from Nemelex Xobeh
  8237 | D:9      | Slain by an orc warrior

Skill      XL: |  1  2  3  4  5  6  7  8  9 10 |
---------------+-------------------------------+-----
Stealth        | 5 6 7 8 12 | 12.2
Short Blades   | 2 3 6 8 |  8.0
Dodging        | 4 5 6 8 |  8.0
Spellcasting   | 5 |  5.0
Hexes          | 6 |  6.2
Invocations    | 5 |  5.4
Fighting       | |  0.1
Ice Magic      | |  0.2

Action                   |  1- 3 |  4- 6 |  7- 9 | 10-12 || total
-------------------------+-------+-------+-------+-------++-------
Melee: Dagger            |   116 |   129 |   131 |    73 ||   449
       Bite              |     5 |    10 |     7 |     6 ||    28
 Cast: Corona            |     2 |     1 |     1 |     2 ||     6
       Ensorcelled Hiber |    13 |    40 |    48 |    28 ||   129
       Confuse           |     1 |     4 |    25 |     7 ||    37
 Abil: End Transformatio |       |       |     8 |     5 ||    13
       Bat Form          |       |       |     8 |     5 ||    13
       Evoke Berserk Rag |       |       |       |     1 ||     1
Evoke: Deck              |       |       |     1 |       ||     1
  Use: Scroll            |       |     5 |     1 |     3 ||     9
       Potion            |       |       |     1 |       ||     1
 Stab: Sleeping          |    15 |    28 |    41 |    17 ||   101
       Confused          |       |     3 |    12 |     3 ||    18
  Eat: Corpse            |    12 |    12 |     8 |     4 ||    36
Armor: Robe              |    41 |    22 |    11 |     6 ||    80
Dodge: Dodged            |    61 |    72 |    63 |    42 ||   238
